Map: Frost LE

Players

MaSa - Winner!

  • Race: Terran Terran

PtitDrogo

  • Race: Protoss Protoss

Event: IEM Season 11 - Shanghai

VOD

https://www.youtube.com/watch?v=1N5OqalOYeI

Description

Time

  • Played on: July 27, 2016, 8:35 a.m.
  • Length: 10:17

All games in this series

Show
View Real Time Build Order
Export as new Build Order

MaSa Terran - Winner!

Build Orders: MMM Bio 

Get SALT Encoding   

  12  0:00  SCV  
  13  0:12  SCV  
  14  0:17  Supply Depot  
  14  0:24  SCV  
  15  0:39  SCV  
  15  0:40  Barracks  
  16  0:44  Refinery  
  16  0:51  SCV  
  17  1:03  SCV  
  18  1:15  SCV  
  19  1:27  Marine, Orbital Command  
  19  1:28  Supply Depot  
  20  1:54  Command Center  
  20  1:59  SCV  
  22  2:07  Factory  
  21  2:09  Barracks Reactor  
  21  2:13  SCV  
  22  2:21  Barracks  
  22  2:25  SCV  
  23  2:37  SCV  
  24  2:50  SCV  
  25  2:53  Marine  
  25  2:55  Refinery  
  25  2:56  Hellion x2  
  30  3:02  SCV  
  31  3:06  Orbital Command  
  31  3:08  Barracks Tech Lab  
  31  3:14  SCV  
  32  3:23  Widow Mine, Marine x2  
  32  3:26  Marine, SCV  
  37  3:27  Stimpack  
  37  3:33  Engineering Bay, SCV  
  38  3:38  SCV  
  38  3:41  Marine x2  
  39  3:44  Marine  
  39  3:45  SCV  
  43  3:50  SCV  
  43  3:53  Starport  
  44  3:57  Factory Reactor  
  44  3:59  Marine x2  
  46  4:07  Supply Depot  
  46  4:11  Marine, SCV x2  
  46  4:16  Marine  
  50  4:17  Marine  
  50  4:23  SCV x2  
  53  4:24  Barracks  
  53  4:28  Marine  
  54  4:34  Marine  
  54  4:35  Marine, SCV x2  
  54  4:38  Supply Depot  
  58  4:39  Medivac  
  60  4:47  SCV  
  60  4:52  Marine  
  62  4:55  Terran Infantry Weapons Level 1  
  62  4:56  Supply Depot  
  62  4:59  Widow Mine  
  64  5:00  Marine, SCV  
  64  5:01  Refinery  
  64  5:03  Medivac  
  68  5:09  Medivac  
  68  5:12  Barracks Tech Lab  
  70  5:18  Supply Depot, Marauder, SCV  
  73  5:24  Missile Turret, SCV  
  73  5:26  Marine  
  75  5:31  Combat Shields  
  75  5:33  Liberator, SCV  
  76  5:40  SCV  
  75  5:43  Marine x2  
  75  5:44  Marauder  
  75  5:46  SCV  
  84  5:58  SCV  
  84  6:00  Supply Depot  
  84  6:01  Marauder  
  86  6:07  Command Center  
  86  6:22  Marauder, Marine x2, SCV x2  
  86  6:24  Liberator  
  92  6:31  Liberator  
  86  6:33  Marauder  
  86  6:34  SCV x2  
  86  6:37  Supply Depot, Barracks  
  86  6:38  Barracks  
  90  6:42  Refinery  
  88  6:50  SCV  
  88  6:51  Marine  
  88  6:52  Marine  
  88  6:53  SCV  
  93  6:55  Factory Reactor  
  93  6:59  Supply Depot  
  93  7:03  Supply Depot  
  93  7:04  Terran Infantry Armor Level 1  
  93  7:06  SCV  
  94  7:11  Marauder x2  
  98  7:16  SCV  
  98  7:17  Marine  
  98  7:21  Marine  
  99  7:25  SCV  
  99  7:32  Marine  
  99  7:33  Barracks Tech Lab, Barracks Reactor, Marauder  
  99  7:35  SCV, Orbital Command  
  95  7:39  SCV  
  95  7:40  Marine x2  
  95  7:42  Widow Mine x2  
  96  7:48  SCV  
  96  7:49  Medivac x2  
  99  7:52  Supply Depot, SCV  
  100  7:59  Marauder x3  
  100  8:00  Orbital Command  
  100  8:02  Liberator  
  100  8:03  SCV  
  100  8:04  Liberator  
  107  8:07  SCV  
  107  8:11  Marine x3  
  111  8:14  Widow Mine, Concussive Shells  
  111  8:16  Refinery  
  116  8:20  Marauder  
  116  8:26  Marine, Marauder  
  124  8:29  Supply Depot  
  124  8:33  Armory, SCV  
  125  8:36  SCV x2  
  127  8:44  Marine x2, Marauder x2  
  127  8:46  SCV  
  127  8:47  Marauder  
  136  8:49  Marine x2  
  136  8:50  Widow Mine  
  139  9:02  Marine  
  139  9:03  Liberator  
  139  9:05  Widow Mine, Marine, Marauder x2  
  139  9:06  SCV  
  139  9:07  Marine  
  139  9:09  SCV  
  149  9:14  Liberator, Marauder  
  143  9:18  Widow Mine  
  143  9:23  Supply Depot  
  148  9:25  Supply Depot  
  147  9:35  Marine  
  147  9:36  Marine x2, Marauder x2  
  143  9:43  Barracks  
  143  9:45  Barracks x2  
  140  9:49  Marine, Marauder  
  147  9:53  Marine  
Show
View Real Time Build Order
Export as new Build Order

PtitDrogo Protoss 

Build Orders: 1 Gate Expand 

Get SALT Encoding   

  12  0:00  Probe (Chrono Boost)  
  13  0:11  Probe (Chrono Boost)  
  14  0:18  Pylon  
  14  0:22  Probe (Chrono Boost)  
  15  0:36  Probe (Chrono Boost), Gateway  
  16  0:46  Probe (Chrono Boost)  
  16  0:48  Assimilator  
  17  0:57  Probe (Chrono Boost)  
  18  1:08  Probe (Chrono Boost)  
  19  1:20  Nexus  
  19  1:24  Probe (Chrono Boost)  
  20  1:34  Cybernetics Core  
  20  1:36  Probe (Chrono Boost)  
  21  1:42  Assimilator  
  21  1:47  Probe (Chrono Boost)  
  21  1:51  Pylon  
  22  1:58  Probe (Chrono Boost)  
  23  2:08  Adept  
  23  2:09  Probe (Chrono Boost)  
  23  2:12  Warp Gate  
  25  2:22  Robotics Facility  
  25  2:26  Probe (Chrono Boost)  
  26  2:32  Adept  
  26  2:33  Probe (Chrono Boost)  
  29  2:43  Probe (Chrono Boost)  
  29  2:44  Probe (Chrono Boost)  
  31  2:54  Mothership Core (Chrono Boost)  
  31  2:56  Probe (Chrono Boost)  
  34  3:01  Pylon  
  34  3:07  Probe (Chrono Boost), Observer  
  34  3:12  Probe (Chrono Boost)  
  37  3:19  Probe (Chrono Boost)  
  38  3:23  Probe (Chrono Boost)  
  38  3:25  Adept  
  39  3:30  Gateway  
  39  3:31  Probe (Chrono Boost), Gateway  
  39  3:33  Probe (Chrono Boost), Observer  
  42  3:44  Probe x2 (Chrono Boost)  
  44  3:52  Assimilator  
  44  3:54  Probe (Chrono Boost)  
  46  3:56  Probe (Chrono Boost)  
  46  4:05  Probe (Chrono Boost)  
  46  4:08  Probe (Chrono Boost)  
  48  4:10  Nexus  
  48  4:11  Pylon  
  48  4:15  Probe (Chrono Boost)  
  49  4:19  Assimilator  
  49  4:20  Probe (Chrono Boost), Twilight Council  
  50  4:26  Probe (Chrono Boost)  
  52  4:31  Sentry, Pylon  
  52  4:32  Probe (Chrono Boost), Immortal  
  52  4:37  Probe (Chrono Boost)  
  59  4:39  Sentry  
  59  4:41  Blink  
  59  4:44  Probe (Chrono Boost)  
  62  4:50  Probe (Chrono Boost)  
  62  4:52  Pylon  
  62  4:56  Probe (Chrono Boost)  
  63  5:02  Probe (Chrono Boost), Sentry, Pylon  
  63  5:03  Stalker  
  68  5:08  Observer  
  70  5:15  Probe (Chrono Boost)  
  70  5:17  Forge  
  70  5:20  Probe (Chrono Boost), Gateway  
  71  5:22  Probe (Chrono Boost)  
  71  5:27  Probe (Chrono Boost)  
  73  5:28  Stalker  
  73  5:29  Immortal  
  73  5:32  Probe (Chrono Boost)  
  80  5:36  Probe (Chrono Boost)  
  78  5:43  Stalker x2  
  78  5:48  Probe (Chrono Boost)  
  81  5:52  Probe (Chrono Boost)  
  81  5:53  Stalker  
  81  5:55  Probe (Chrono Boost)  
  85  6:00  Probe (Chrono Boost), Pylon  
  87  6:04  Probe (Chrono Boost)  
  87  6:05  Immortal  
  87  6:10  Stalker  
  87  6:11  Stalker  
  95  6:15  Probe (Chrono Boost)  
  96  6:18  Pylon  
  96  6:21  Probe (Chrono Boost)  
  96  6:22  Protoss Ground Armor Level 1  
  88  6:32  Sentry  
  88  6:34  Adept  
  88  6:35  Adept  
  88  6:37  Probe (Chrono Boost)  
  96  6:40  Probe (Chrono Boost)  
  96  6:41  Observer  
  96  6:42  Probe (Chrono Boost)  
  96  6:43  Photon Cannon  
  86  6:54  Sentry  
  86  6:57  Probe (Chrono Boost)  
  86  6:58  Probe (Chrono Boost)  
  86  6:59  Assimilator  
  90  7:04  Stalker x3  
  95  7:15  Immortal  
  92  7:19  Adept  
  92  7:22  Probe (Chrono Boost)  
  98  7:24  Probe (Chrono Boost), Gateway  
  98  7:26  Gateway  
  98  7:27  Adept x3  
  98  7:28  Gateway  
  98  7:29  Gateway  
  95  7:44  Probe x3 (Chrono Boost)  
  94  7:52  Adept x4  
  94  7:53  Immortal  
  94  7:54  Resonating Glaives  
  94  7:55  Pylon  
  94  7:56  Probe x2 (Chrono Boost)  
  94  7:58  Probe (Chrono Boost)  
  109  7:59  Assimilator  
  109  8:08  Probe (Chrono Boost)  
  109  8:09  Probe (Chrono Boost)  
  109  8:10  Probe (Chrono Boost)  
  109  8:12  Robotics Bay  
  112  8:14  Protoss Ground Weapons Level 1  
  112  8:18  Sentry x2, Photon Cannon  
  112  8:19  Adept x3  
  123  8:20  Probe (Chrono Boost)  
  123  8:27  Pylon  
  123  8:30  Warp Prism  
  123  8:32  Pylon  
  123  8:40  Pylon  
  125  8:42  Pylon  
  125  8:45  Pylon  
  125  8:46  Adept x4  
  133  8:59  Adept x4  
  132  9:15  Stalker x2  
  132  9:16  Stalker x2  
  110  9:25  Stalker x3  
  96  9:45  Sentry x3  
  94  9:47  Sentry  
  94  9:50  Nexus  
  99  9:54  Adept x3  

Tags
 
Add a new tag
Caveats
  • Supply blocks, unpowered buildings, or Contaminate may cause inaccurate times.
  • Supply counts are checked every 10 seconds.